 Dungeon Crawl Stone Soup version 0.24.0-13-gcf9b319 (webtiles) character file.

Game seed: 7801354915080635977, levelgen mode: deterministic

185 Faca the Ducker (level 5, -6/43 HPs)
             Began as a Gnoll Wanderer on Nov 9, 2019.
             Mangled by an orc priest
             ... wielding a +0 mace
              (9 damage)
             ... on level 3 of the Dungeon.
             The game lasted 00:09:58 (4813 turns).

Faca the Ducker (Gnoll Wanderer)                    Turns: 4813, Time: 00:09:58

Health: -6/43      AC:  5    Str: 15    XL:     5   Next: 64%
Magic:  7/7        EV: 13    Int: 13    God:
Gold:   180        SH:  8    Dex: 16    Spells: 6/7 levels left

rFire    . . .     SeeInvis .   a - +0 dagger
rCold    . . .     Gourm    .   i - +0 shield
rNeg     . . .     Faith    .   p - +0 leather armour
rPois    .         Spirit   .   s - +0 helmet
rElec    .         Reflect  .   d - +0 cloak
rCorr    .         Harm     .   (no gloves)
MR       .....                  (no boots)
Stlth    ++........             (no amulet)
HPRegen  0.14/turn              h - ring of wizardry
MPRegen  0.10/turn              (no ring)

@: drained
A: distributed training, fangs 1, strong nose
a: no special abilities


You were on level 3 of the Dungeon.
You were not hungry.

You visited 1 branch of the dungeon, and saw 3 of its levels.

You collected 180 gold pieces.

Inventory:

Hand Weapons
 a - a +0 dagger (weapon)
 q - a +1 hunting sling of freezing
Missiles
 k - 16 stones (quivered)
 r - 23 sling bullets
Armour
 d - a +0 cloak (worn)
 i - a +0 shield (worn)
 p - a +0 leather armour (worn)
 s - a +0 helmet (worn)
Jewellery
 h - a ring of wizardry (left hand)
Scrolls
 j - a scroll of fog
Potions
 c - a potion of lignification
 e - a potion of might
 g - a potion of brilliance
 l - 2 potions of ambrosia {unknown}
Comestibles
 f - 5 rations


   Skills:
 + Level 4.8(4.1) Fighting
 + Level 1.5(0.9) Short Blades
 + Level 1.5(0.9) Long Blades
 + Level 1.5(0.9) Axes
 + Level 1.5(0.9) Maces & Flails
 + Level 1.5(0.9) Polearms
 + Level 1.5(0.9) Staves
 + Level 1.5(0.9) Slings
 + Level 1.5(0.9) Bows
 + Level 1.5(0.9) Crossbows
 + Level 1.5(0.9) Throwing
 + Level 1.5(0.9) Armour
 + Level 6.7(6.0) Dodging
 + Level 2.8(2.2) Stealth
 + Level 3.0(2.4) Shields
 + Level 1.5(0.9) Unarmed Combat
 + Level 1.5(0.9) Spellcasting
 + Level 1.2(0.6) Conjurations
 + Level 1.2(0.6) Hexes
 + Level 2.4(1.8) Charms
 + Level 1.2(0.6) Summonings
 + Level 1.2(0.6) Necromancy
 + Level 1.2(0.6) Translocations
 + Level 1.2(0.6) Transmutations
 + Level 1.2(0.6) Fire Magic
 + Level 1.2(0.6) Ice Magic
 + Level 1.2(0.6) Air Magic
 + Level 4.0(3.3) Earth Magic
 + Level 1.2(0.6) Poison Magic
 + Level 1.7(1.1) Invocations
 + Level 1.5(0.9) Evocations


You had 6 spell levels left.
You knew the following spells:

 Your Spells              Type           Power        Failure   Level  Hunger
a - Sandblast             Erth           #.....       17%         1    ##.....

Your spell library contained the following spells:

 Spells                   Type           Power        Failure   Level  Hunger
 Passwall                 Tmut/Erth      #.......     41%         2    ###....
 Stone Arrow              Conj/Erth      #.....       65%         3    ####...
 Petrify                  Tmut/Erth      #.......     95%         4    #####..
 Lee's Rapid Deconstruct  Erth           #.........   99%         5    ######.


Dungeon Overview and Level Annotations

Branches:
Dungeon (3/15)

Altars:
Ashenzari


Innate Abilities, Weirdness & Mutations

Your experience applies equally to all skills.
You have very sharp teeth.
Your uncanny sense of smell can sniff out nearby items.


Message History

The orc priest hits you but does no damage.
The rat bites you.
You hit the orc priest but do no damage.
Your bite misses the orc priest.
The orc priest is almost dead.
You block the rat's attack. The orc priest misses you.
You barely miss the orc priest.
The orc priest is almost dead.
The rat bites you but does no damage. The orc priest hits you with a +0 mace.
* * * LOW HITPOINT WARNING * * *
You hit the orc priest but do no damage.
The orc priest is almost dead.
You block the rat's attack.
The orc priest invokes the aid of Beogh against you.
Pain shoots through your body!
* * * LOW HITPOINT WARNING * * *
You hit the orc priest but do no damage.
The orc priest is almost dead.
The rat bites you but does no damage. The orc priest hits you with a +0 mace!
You die...

#####.####.#...### .
#....##.......# .
#....##.#####.#########
.
#..>.#..#...#.........#
.
#....#.#...#...####.###
. #....#..#...#.....#.#
. #....##.#####.....#.#
. ###)###.....r..#..#.#
# #.# #...))o@.####.##
#.###..##).#.......#
#.o........#.####..#
##########.######..#
#.#.......# #.#.#####.#
#.#.# #.# #.#.# #.#
#.#.# #.#


You could see an orc priest and a rat.

Vanquished Creatures
  A crimson imp (D:3)
  An adder (D:2)
  6 gnolls
  An ooze (D:1)
  3 dart slugs (D:1)
  A leopard gecko (D:1)
  2 orcs
  2 ball pythons
  8 giant cockroaches
  6 goblins
  8 hobgoblins
  8 jackals
  8 kobolds
  3 bats
  5 frilled lizards
  7 rats
70 creatures vanquished.

Notes
Turn   | Place    | Note
-------+----------+-------------------------------------------
     0 | D:1      | Faca the Gnoll Wanderer began the quest for the Orb.
     0 | D:1      | Faca set off with the following items: a +0 dagger, a
                  | potion of curing, a potion of lignification, a +0 robe, a
                  | ration; and the following spell memorised: Sandblast; and
                  | the following spells available to memorise: Passwall, Stone
                  | Arrow, Petrify, Lee's Rapid Deconstruction
     0 | D:1      | Reached XP level 1. HP: 20/20 MP: 1/1
   286 | D:1      | Reached XP level 2. HP: 20/26 MP: 2/2
   663 | D:1      | Reached XP level 3. HP: 26/31 MP: 3/3
  1070 | D:1      | Reached skill level 1 in Invocations
  1693 | D:2      | Reached skill level 1 in Short Blades
  1693 | D:2      | Reached skill level 1 in Long Blades
  1693 | D:2      | Reached skill level 1 in Axes
  1693 | D:2      | Reached skill level 1 in Maces & Flails
  1693 | D:2      | Reached skill level 1 in Polearms
  1693 | D:2      | Reached skill level 1 in Staves
  1693 | D:2      | Reached skill level 1 in Slings
  1693 | D:2      | Reached skill level 1 in Bows
  1693 | D:2      | Reached skill level 1 in Crossbows
  1693 | D:2      | Reached skill level 1 in Throwing
  1693 | D:2      | Reached skill level 1 in Armour
  1693 | D:2      | Reached skill level 1 in Unarmed Combat
  1693 | D:2      | Reached skill level 1 in Spellcasting
  1693 | D:2      | Reached skill level 1 in Evocations
  1846 | D:2      | Reached XP level 4. HP: 38/38 MP: 5/5
  2211 | D:2      | Found a shattered altar of Ashenzari.
  2612 | D:1      | Reached skill level 1 in Conjurations
  2612 | D:1      | Reached skill level 1 in Hexes
  2612 | D:1      | Reached skill level 1 in Summonings
  2612 | D:1      | Reached skill level 1 in Necromancy
  2612 | D:1      | Reached skill level 1 in Translocations
  2612 | D:1      | Reached skill level 1 in Transmutations
  2612 | D:1      | Reached skill level 1 in Fire Magic
  2612 | D:1      | Reached skill level 1 in Ice Magic
  2612 | D:1      | Reached skill level 1 in Air Magic
  2612 | D:1      | Reached skill level 1 in Poison Magic
  2835 | D:1      | HP: 1/38 [gnoll (6)]
  3437 | D:3      | Reached XP level 5. HP: 24/43 MP: 6/6
  4813 | D:3      | Mangled by an orc priest

Levels and vault maps discovered:
D:1:      minmay_arrival_jagged, layout_basic
D:2:      minmay_inner_zag, layout_basic, lemuel_round_altar
D:3:      layout_basic, zin_purify, overflow_temple_1_default, minmay_distorted

Skill      XL: |  1  2  3  4  5 |
---------------+----------------+-----
Charms         | 2 |  2.4
Invocations    | 1 |  1.7
Short Blades   | 1 |  1.5
Long Blades    | 1 |  1.5
Axes           | 1 |  1.5
Maces & Flails | 1 |  1.5
Polearms       | 1 |  1.5
Staves         | 1 |  1.5
Slings         | 1 |  1.5
Bows           | 1 |  1.5
Crossbows      | 1 |  1.5
Throwing       | 1 |  1.5
Armour         | 1 |  1.5
Unarmed Combat | 1 |  1.5
Spellcasting   | 1 |  1.5
Evocations     | 1 |  1.5
Conjurations   | 1 |  1.2
Hexes          | 1 |  1.2
Summonings     | 1 |  1.2
Necromancy     | 1 |  1.2
Translocations | 1 |  1.2
Transmutations | 1 |  1.2
Fire Magic     | 1 |  1.2
Ice Magic      | 1 |  1.2
Air Magic      | 1 |  1.2
Poison Magic   | 1 |  1.2
Shields        | 3 |  3.0
Earth Magic    | 4 |  4.0
Fighting       | |  4.8
Dodging        | |  6.7
Stealth        | |  2.8

Action                   |  1- 3 |  4- 6 || total
-------------------------+-------+-------++-------
Melee: Dagger            |   189 |   308 ||   497
       Bite              |    20 |    40 ||    60
 Fire: Hunting sling     |       |    31 ||    31
 Cast: Sandblast         |     3 |    10 ||    13
  Use: Scroll            |       |     6 ||     6
       Potion            |       |     3 ||     3
 Stab: Sleeping          |     1 |       ||     1
  Eat: Chunk             |     3 |     8 ||    11
       Ration            |       |     1 ||     1
Armor: Robe              |     9 |       ||     9
       Leather armour    |     3 |    68 ||    71
Dodge: Dodged            |   125 |   290 ||   415
Block: Shield            |       |    58 ||    58
